 Dungeon Crawl Stone Soup version 0.18-a0-1468-gaf180a1 (webtiles) character file.

7 glosham the Ducker (level 1, -1/11 HPs)
             Began as a Spriggan Monk on Mar 1, 2016.
             Slain by a goblin
             ... wielding a +0 club
              (3 damage)
             ... on level 1 of the Dungeon.
             The game lasted 00:03:31 (142 turns).

glosham the Ducker (Spriggan Monk)                   Turns: 142, Time: 00:03:32

Health: -1/11      AC:  2    Str:  7    XL:     1   Next: 83%
Magic:  2/2        EV: 20    Int: 11    God:
Gold:   0          SH:  0    Dex: 18    Spells: 0 memorised, 0 levels left

rFire  . . .     SeeInvis +     a - +0 dagger
rCold  . . .     Gourm    .     c - +0 robe
rNeg   . . .     Faith    .     (shield restricted)
rPois  +         Spirit   .     (helmet restricted)
rElec  .         Dismiss  .     (no cloak)
rCorr  .         Reflect  .     (gloves unavailable)
SustAt .         Harm     .     (boots unavailable)
MR     .....                    (no amulet)
Stlth  +++.......               (no ring)
                                A - ring of poison resistance

@: very quick, not resistant to hostile enchantments, fairly stealthy
A: unfitting armour, see invisible, herbivore 3, speed 3, slow metabolism 2
a: no special abilities


You were on level 1 of the Dungeon.
You were not hungry.

You visited 1 branch of the dungeon, and saw 1 of its levels.

Inventory:

Hand Weapons
 a - a +0 dagger (weapon)
 b - a +0 spear
Missiles
 e - 4 stones (quivered)
Armour
 c - a +0 robe (worn)
Jewellery
 A - a ring of poison resistance (left hand)
Potions
 f - a potion of curing {unknown}
Comestibles
 d - a bread ration


   Skills:
 - Level 2.4 Fighting
 * Level 1.4 Short Blades
 - Level 4.5 Dodging
 - Level 3.0 Stealth
 - Level 3.2 Unarmed Combat


You couldn't memorise any spells.
You didn't know any spells.

Dungeon Overview and Level Annotations

Branches:
Dungeon (1/15)

Altars:


Innate Abilities, Weirdness & Mutations

You are tiny and cannot use many weapons and most armour.
You have supernaturally acute eyesight.
You are an herbivore.
You cover ground extremely quickly.
You need consume almost no food.


Message History

The kobold throws a stone.
The stone closely misses you.
You see here a stone.
The kobold throws a stone.
The stone misses you.
You start resting.
The kobold closely misses you.
You hit the kobold.
The kobold is heavily wounded.
The kobold barely misses you.
You hit the kobold but do no damage.
The kobold is heavily wounded.
The kobold closely misses you.
You hit the kobold but do no damage.
The kobold is heavily wounded.
The kobold hits you with a club.
You hit the kobold.
You kill the kobold!
Your Short Blades skill increases to level 1!
Things that are here:
a club; 3 stones; a kobold corpse
e - 3 stones You see here a stone.
e - 4 stones (gained 1)
The giant gecko bites you.
* * * LOW HITPOINT WARNING * * *
You closely miss the giant gecko. The giant gecko completely misses you.
You hit the giant gecko.
The giant gecko is heavily wounded.
The giant gecko closely misses you.
You barely miss the giant gecko.
The giant gecko is heavily wounded.
The giant gecko closely misses you.
You hit the giant gecko.
You kill the giant gecko!
f - a silvery potion
Things that are here:
a club; a kobold corpse A goblin comes into view.
It is wielding a club.
The goblin shouts!
You barely miss the goblin. The goblin hits you with a club.
You die...

#............#
#.....######.#
#.....# #.#
#.....# ####.#
#####.. ..#.#
#.# #.#.#
#.####.#.# #.
#.....#
#.#@### #g#
..# .### .. ##


You could see a goblin.

Vanquished Creatures
  A giant gecko (D:1)
  2 goblins (D:1)
  2 kobolds (D:1)
  A rat (D:1)
6 creatures vanquished.

Notes
Turn   | Place    | Note
--------------------------------------------------------------
     0 | D:1      | glosham the Spriggan Monk began the quest for the Orb.
     0 | D:1      | Reached XP level 1. HP: 11/11 MP: 2/2
   101 | D:1      | Reached skill level 1 in Short Blades
   142 | D:1      | Slain by a goblin

Vault maps used:
D:1:      dpeg_arrival_windows_large_door, serial_forest,
          infiniplex_forest_end_3, infiniplex_forest_clump_small,
          infiniplex_forest_end_1, infiniplex_forest_end_3,
          infiniplex_forest_straight_3, infiniplex_forest_lined_4_way

Skill      XL: |  1 |
---------------+----+-----
Short Blades   | 1 |  1.4
Fighting       | |  2.4
Dodging        | |  4.5
Stealth        | |  3.0
Unarmed Combat | |  3.2

Action                   || total
-------------------------++-------
Melee: Dagger            ||    18
       Unarmed           ||     5

Table legend:
 A = Turns spent in this place as a percentage of turns spent in the entire game.
 B = Non-inter-level travel turns spent in this place as a percentage of non-inter-level travel turns spent in the entire game.
 C = Inter-level travel turns spent in this place as a percentage of turns spent in this place.
 D = Turns resting spent in this place as a percentage of non-inter-level travel turns spent in this place.
 E = Turns spent auto-exploring this place as a percentage of non-inter-level travel turns spent in this place.
 F = Non-inter-level travel turns spent in this place divided by the number of levels of this place that you've seen.
                   A       B       C       D       E      F
               +-------+-------+-------+-------+-------+----------------------
         Total | 100.0 | 100.0 |   0.0 |   1.4 |   0.0 | 138.0
       Dungeon | 100.0 | 100.0 |   0.0 |   1.4 |   0.0 | 138.0
               +-------+-------+-------+-------+-------+----------------------

Table legend:
 A = Kills in this place as a percentage of kills in entire the game.
 B = Kills by you in this place as a percentage of kills by you in the entire game.
 C = Kills by friends in this place as a percentage of kills by friends in the entire game.
 D = Other kills in this place as a percentage of other kills in the entire game.
 E = Experience gained in this place as a percentage of experience gained in the entire game.
 F = Experience gained in this place divided by the number of levels of this place that you have seen.
                   A       B       C       D       E      F
               +-------+-------+-------+-------+-------+----------------------
         Total | 100.0 | 100.0 |  -nan |  -nan | 100.0 |  10.0
       Dungeon | 100.0 | 100.0 |  -nan |  -nan | 100.0 |  10.0
               +-------+-------+-------+-------+-------+----------------------

Vault maps used:
D:1:      dpeg_arrival_windows_large_door, serial_forest,
          infiniplex_forest_end_3, infiniplex_forest_clump_small,
          infiniplex_forest_end_1, infiniplex_forest_end_3,
          infiniplex_forest_straight_3, infiniplex_forest_lined_4_way
